[Event "Fagernes GM-A 2019"]
[Site "Fagernes"]
[Date "2019.04.20"]
[Round "8.19"]
[White "Nordquelle, Daniel"]
[Black "Gronnestad, Anita"]
[Result "0-1"]
[ECO "B04"]
[WhiteElo "2264"]
[BlackElo "1954"]
[Annotator "NA"]
[PlyCount "70"]
[EventDate "2019.04.14"]
[EventType "tourn"]
[EventCountry "NOR"]
[SourceTitle "playchess.com"]
[Source "ChessBase"]
[SourceQuality "1"]
[TimeControl "40/7200:3600"]

1. e4 Nf6 2. e5 Nd5 3. d4 d6 4. Nf3 dxe5 5. Nxe5 c6 6. c4 Nf6 7. Nc3 g6 8. Be3 Nbd7 9. Nf3 Ng4 10. Bf4 Bg7 11. h3 Ngf6 12. Qd2 O-O 13. Bd3 Re8 14. O-O Nf8 15. Rad1 a6 16. a4 Ne6 17. Be5 Bd7 18. b4 Nh5 19. Bxg7 Kxg7 20. a5 Nef4 21. Na4 Nxd3 22. Qxd3 Bf5 23. Qc3 Nf4 24. Rfe1 Qc7 25. Ne5 f6 26. Nf3 Rad8 27. Nc5 e5 28. Kh1 Qc8 29. dxe5 Bxh3 30. exf6+ Kh6 31. Qc1 Bxg2+ 32. Kg1 Qg4 33. Nh2 Qg5 34. Re3 Rxe3 35. Qxe3 Rxd1+ 0-1

[Event "Fagernes GM-A 2019"]
[Site "Fagernes"]
[Date "2019.04.20"]
[Round "8.20"]
[White "Machlik, Edit"]
[Black "Skotheim, Andreas"]
[Result "1/2-1/2"]
[ECO "D35"]
[WhiteElo "2109"]
[BlackElo "2182"]
[Annotator "NA"]
[PlyCount "171"]
[EventDate "2019.04.14"]
[EventType "tourn"]
[EventCountry "NOR"]
[SourceTitle "playchess.com"]
[Source "ChessBase"]
[SourceQuality "1"]
[TimeControl "40/7200:3600"]

1. d4 d5 2. c4 e6 3. Nc3 c6 4. cxd5 exd5 5. Bf4 Nf6 6. e3 Bd6 7. Bg3 O-O 8. Bd3 Qe7 9. Qc2 Re8 10. Nf3 Nbd7 11. Bxd6 Qxd6 12. O-O Nf8 13. a3 a5 14. Rab1 b5 15. a4 b4 16. Ne2 Ba6 17. Bxa6 Rxa6 18. Rbc1 N8d7 19. Nf4 Rb8 20. b3 Ne4 21. Ne2 Rc8 22. Nd2 f5 23. f3 Nxd2 24. Qxd2 Raa8 25. Nf4 Rf8 26. Rc2 g5 27. Nd3 f4 28. exf4 gxf4 29. Re1 Qf6 30. Ne5 Nxe5 31. dxe5 Qe6 32. Qd4 Rf5 33. Rce2 Qe7 34. Rc1 Re8 35. Rxc6 Rxe5 36. Rxe5 Qxe5 37. Qxe5 Rxe5 38. Rc5 Re3 39. Rxa5 Rxb3 40. Rxd5 Ra3 41. h4 b3 42. Rb5 Kf7 43. Kh2 Kg6 44. h5+ Kh6 45. Kh3 Rxa4 46. Kg4 Ra2 47. Rb6+ Kg7 48. h6+ Kf7 49. Rb7+ Kf6 50. Rxb3 Rxg2+ 51. Kxf4 Rg6 52. Rb6+ Kf7 53. Rb7+ Kg8 54. Rb8+ Kf7 55. Rb7+ Kg8 56. Kf5 Rxh6 57. Rb8+ Kf7 58. Rb7+ Kf8 59. f4 Rh5+ 60. Kg4 Rh1 61. Kg5 Rg1+ 62. Kf6 Rg6+ 63. Kf5 Rh6 64. Rb8+ Kf7 65. Rb7+ Kf8 66. Ke5 Rh1 67. f5 Rh6 68. Ra7 Rb6 69. Rxh7 Ra6 70. Rb7 Rc6 71. Kf4 Ra6 72. Kg5 Rc6 73. Ra7 Rb6 74. Ra8+ Kf7 75. Rh8 Ra6 76. Rh7+ Kf8 77. Rc7 Rb6 78. Rc4 Kf7 79. Ra4 Rc6 80. Ra7+ Kf8 81. f6 Rc1 82. Ra8+ Kf7 83. Ra7+ Kf8 84. Kf5 Rf1+ 85. Ke6 Re1+ 86. Kf5 1/2-1/2

[Event "Fagernes GM-A 2019"]
[Site "Fagernes"]
[Date "2019.04.21"]
[Round "9.1"]
[White "Turov, Maxim"]
[Black "Demchenko, Anton"]
[Result "1/2-1/2"]
[ECO "B07"]
[WhiteElo "2584"]
[BlackElo "2661"]
[Annotator "ChessBase"]
[PlyCount "37"]
[EventDate "2019.04.14"]
[EventType "tourn"]
[EventCountry "NOR"]
[SourceTitle "playchess.com"]
[Source "ChessBase"]
[SourceQuality "1"]
[TimeControl "40/7200:3600"]

1. d4 Nf6 2. Nf3 g6 3. g3 Bg7 4. Bg2 O-O 5. O-O d6 6. Re1 Nbd7 7. e4 e5 8. Nc3 b6 9. d5 a5 10. Nd2 Nc5 11. Nc4 Ba6 12. Bf1 Qd7 13. a3 h5 14. f3 Nh7 15. Bd2 Qd8 16. b4 Nd7 17. bxa5 Bxc4 18. Bxc4 Rxa5 19. a4 1/2-1/2

[Event "Fagernes GM-A 2019"]
[Site "Fagernes"]
[Date "2019.04.21"]
[Round "9.2"]
[White "Postny, Evgeny"]
[Black "Urkedal, Frode Olav Olsen"]
[Result "1-0"]
[ECO "D37"]
[WhiteElo "2612"]
[BlackElo "2513"]
[Annotator "ChessBase"]
[PlyCount "188"]
[EventDate "2019.04.14"]
[EventType "tourn"]
[EventCountry "NOR"]
[SourceTitle "playchess.com"]
[Source "ChessBase"]
[SourceQuality "1"]
[TimeControl "40/7200:3600"]

1. Nf3 Nf6 2. c4 e6 3. Nc3 d5 4. d4 Be7 5. Bf4 O-O 6. e3 Nbd7 7. c5 c6 8. h3 b6 9. b4 a5 10. a3 Bb7 11. Bd3 Qc8 12. O-O Ba6 13. Qc2 Bxd3 14. Qxd3 Qb7 15. Rfc1 Rfc8 16. Nd2 Nf8 17. Rcb1 N6d7 18. Qc2 axb4 19. axb4 Ng6 20. Bg3 e5 21. Rxa8 Rxa8 22. Nb3 exd4 23. Nxd4 bxc5 24. bxc5 Qa6 25. Bd6 Bf8 26. Nce2 Nge5 27. Bxf8 Rxf8 28. Nb3 Rb8 29. Ned4 g6 30. Ra1 Qc4 31. Rc1 Qa6 32. Qc3 Nd3 33. Rd1 Nb4 34. Qd2 Ne5 35. Ra1 Qd3 36. Qxd3 Nbxd3 37. Ra6 Nb4 38. Ra7 Ned3 39. Rc7 Nc2 40. Na5 Rb1+ 41. Kh2 Nxd4 42. exd4 Nb4 43. Rb7 Ra1 44. Rxb4 Rxa5 45. Kg3 Ra8 46. Kf4 Re8 47. f3 h6 48. h4 Re6 49. Rb7 Kg7 50. Rc7 Kf6 51. Kg4 Kg7 52. h5 gxh5+ 53. Kxh5 Rg6 54. g4 Rf6 55. g5 hxg5 56. Kxg5 Rxf3 57. Rxc6 Rd3 58. Kf5 Rxd4 59. Ke5 Rd1 60. Rd6 Kf8 61. c6 Re1+ 62. Kxd5 Rd1+ 63. Kc5 Rc1+ 64. Kb6 Rb1+ 65. Kc7 Ke7 66. Rd5 f6 67. Kc8 Rc1 68. c7 Ke6 69. Rb5 Kd6 70. Rb6+ Ke5 71. Kd7 Rxc7+ 72. Kxc7 f5 73. Rb5+ Ke4 74. Kd6 f4 75. Rb4+ Ke3 76. Ke5 f3 77. Rb3+ Ke2 78. Rb2+ Ke3 79. Rb3+ Ke2 80. Ke4 f2 81. Rb2+ Ke1 82. Rb1+ Ke2 83. Rb2+ Ke1 84. Ke3 f1=N+ 85. Kd3 Ng3 86. Rg2 Nf1 87. Re2+ Kd1 88. Ra2 Ke1 89. Rg2 Kd1 90. Re2 Ng3 91. Ra2 Ke1 92. Ke3 Nf1+ 93. Ke4 Nd2+ 94. Kd3 Nf3 1-0

[Event "Fagernes GM-A 2019"]
[Site "Fagernes"]
[Date "2019.04.21"]
[Round "9.4"]
[White "Vovk, Andriy"]
[Black "Vorobiov, Evgeny E."]
[Result "1/2-1/2"]
[ECO "B35"]
[WhiteElo "2616"]
[BlackElo "2565"]
[Annotator "ChessBase"]
[PlyCount "82"]
[EventDate "2019.04.14"]
[EventType "tourn"]
[EventCountry "NOR"]
[SourceTitle "playchess.com"]
[Source "ChessBase"]
[SourceQuality "1"]
[TimeControl "40/7200:3600"]

1. e4 c5 2. Nf3 Nc6 3. d4 cxd4 4. Nxd4 g6 5. Nc3 Bg7 6. Be3 Nf6 7. Bc4 O-O 8. Bb3 Re8 9. f3 e6 10. f4 d6 11. Ndb5 Bf8 12. Qf3 a6 13. Nd4 Na5 14. O-O b5 15. f5 exf5 16. Bg5 Nxb3 17. axb3 Bb7 18. Nxf5 gxf5 19. Qxf5 Bg7 20. Bxf6 Qxf6 21. Qxf6 Bxf6 22. Rxf6 b4 23. Ne2 Rxe4 24. Ng3 Re6 25. Rf2 Rc8 26. Nf5 Be4 27. Nd4 Re5 28. Rxa6 Rd5 29. Rd2 Rxc2 30. Rxc2 Bxc2 31. Nxc2 Rd1+ 32. Kf2 Rd2+ 33. Kf3 Rxc2 34. Rxd6 Rxb2 35. Rd3 Kg7 36. h3 h5 37. g3 Kg6 38. Ke4 f6 39. Kf4 Rf2+ 40. Ke3 Rg2 41. Kf4 Rf2+ 1/2-1/2

[Event "Fagernes GM-A 2019"]
[Site "Fagernes"]
[Date "2019.04.21"]
[Round "9.5"]
[White "Romanov, Evgeny"]
[Black "Blomqvist, Erik"]
[Result "1/2-1/2"]
[ECO "B13"]
[WhiteElo "2576"]
[BlackElo "2496"]
[Annotator "ChessBase"]
[PlyCount "91"]
[EventDate "2019.04.14"]
[EventType "tourn"]
[EventCountry "NOR"]
[SourceTitle "playchess.com"]
[Source "ChessBase"]
[SourceQuality "1"]
[TimeControl "40/7200:3600"]

1. d4 Nf6 2. Nc3 d5 3. Bf4 c5 4. e3 cxd4 5. exd4 a6 6. Nf3 Bg4 7. h3 Bxf3 8. Qxf3 Nc6 9. O-O-O e6 10. g4 Bd6 11. Ne2 Qc7 12. Bxd6 Qxd6 13. h4 O-O-O 14. Bg2 Qc7 15. Kb1 Kb8 16. Rc1 h5 17. g5 Ne4 18. Rhd1 Nd6 19. Bh3 g6 20. b3 b5 21. c3 Ka7 22. Nf4 Rb8 23. Nd3 Rhc8 24. Qe3 Rb6 25. f4 a5 26. Bg2 a4 27. Nc5 Na5 28. b4 Nac4 29. Qf2 Nf5 30. Re1 Rh8 31. Bf1 Ncd6 32. Bd3 Rc6 33. Re5 Qc8 34. Rce1 Rb6 35. R1e2 Rc6 36. Qe1 Rg8 37. Rh2 Rh8 38. Rg2 Rg8 39. Qd1 Rb6 40. Bxf5 Nxf5 41. Rxf5 exf5 42. Re2 Re8 43. Re5 Rxe5 44. dxe5 Qc6 45. Qd4 Ka8 46. a3 1/2-1/2

[Event "Fagernes GM-A 2019"]
[Site "Fagernes"]
[Date "2019.04.21"]
[Round "9.6"]
[White "Hauge, Lars Oskar"]
[Black "Mikalsen, Erlend"]
[Result "1/2-1/2"]
[ECO "E32"]
[WhiteElo "2472"]
[BlackElo "2397"]
[Annotator "ChessBase"]
[PlyCount "37"]
[EventDate "2019.04.14"]
[EventType "tourn"]
[EventCountry "NOR"]
[SourceTitle "playchess.com"]
[Source "ChessBase"]
[SourceQuality "1"]
[TimeControl "40/7200:3600"]

1. d4 Nf6 2. c4 e6 3. Nc3 Bb4 4. Qc2 O-O 5. e4 d5 6. e5 Ne4 7. Bd3 c5 8. Nf3 cxd4 9. Nxd4 Nd7 10. Bf4 Qh4 11. g3 Qh5 12. h4 Nxe5 13. Be2 Ng4 14. Bxg4 Qxg4 15. f3 Qh5 16. g4 Qg6 17. fxe4 e5 18. O-O-O Bxc3 19. Nf5 1/2-1/2

[Event "Fagernes GM-A 2019"]
[Site "Fagernes"]
[Date "2019.04.21"]
[Round "9.7"]
[White "Santarius, Erik"]
[Black "Sisatto, Olli"]
[Result "0-1"]
[ECO "D41"]
[WhiteElo "2411"]
[BlackElo "2276"]
[Annotator "NA"]
[PlyCount "44"]
[EventDate "2019.04.14"]
[EventType "tourn"]
[EventCountry "NOR"]
[SourceTitle "playchess.com"]
[Source "ChessBase"]
[SourceQuality "1"]
[TimeControl "40/7200:3600"]

1. c4 e6 2. d4 Nf6 3. Nf3 d5 4. Nc3 c5 5. cxd5 cxd4 6. Qa4+ b5 7. Nxb5 {[%emt 0:12:40] Double Attack} Bd7 8. dxe6 ({Better is} 8. Nfxd4 $14 Qb6 9. e4) 8... fxe6 9. Ne5 $17 (9. Bd2 $11 {remains equal.}) 9... Bc5 10. Nxd7 Nbxd7 11. Nxd4 Qb6 12. e3 Bb4+ 13. Kd1 O-O 14. Bc4 Ne5 15. Bxe6+ Kh8 16. Ke2 Ne4 17. f4 Rxf4 18. exf4 Qxd4 19. fxe5 Qf2+ 20. Kd1 Rd8+ 21. Bd7 Qd4+ 22. Kc2 Nc5 0-1

[Event "Fagernes GM-A 2019"]
[Site "Fagernes"]
[Date "2019.04.21"]
[Round "9.8"]
[White "Gullaksen, Eirik"]
[Black "Mihajlov, Sebastian"]
[Result "1/2-1/2"]
[ECO "D10"]
[WhiteElo "2324"]
[BlackElo "2361"]
[Annotator "NA"]
[PlyCount "27"]
[EventDate "2019.04.14"]
[EventType "tourn"]
[EventCountry "NOR"]
[SourceTitle "playchess.com"]
[Source "ChessBase"]
[SourceQuality "1"]
[TimeControl "40/7200:3600"]

1. d4 d5 2. c4 c6 3. cxd5 cxd5 4. Bf4 Nf6 5. e3 Nc6 6. Nc3 Bf5 $11 7. Qb3 Na5 8. Qa4+ Bd7 9. Qc2 e6 10. Bd3 Nc6 11. Qb3 Na5 12. Qc2 Nc6 13. Qb3 Na5 14. Qc2 1/2-1/2

[Event "Fagernes GM-A 2019"]
[Site "Fagernes"]
[Date "2019.04.21"]
[Round "9.9"]
[White "Galinsky, Timofey"]
[Black "Royset, Pal"]
[Result "1/2-1/2"]
[ECO "D04"]
[WhiteElo "2378"]
[BlackElo "2167"]
[Annotator "NA"]
[PlyCount "36"]
[EventDate "2019.04.14"]
[EventType "tourn"]
[EventCountry "NOR"]
[SourceTitle "playchess.com"]
[Source "ChessBase"]
[SourceQuality "1"]
[TimeControl "40/7200:3600"]

1. d4 Nf6 2. Nf3 g6 3. b3 Bg7 4. Bb2 O-O 5. e3 d5 6. Be2 c5 7. c3 Nc6 8. O-O Bf5 9. dxc5 Ne4 10. Nd4 $11 Nxc5 11. Nxf5 gxf5 12. Nd2 e6 13. Rc1 Ne4 14. Qc2 Rc8 15. Nxe4 fxe4 16. c4 Bxb2 17. Qxb2 d4 18. exd4 Qxd4 1/2-1/2

[Event "Fagernes GM-A 2019"]
[Site "Fagernes"]
[Date "2019.04.21"]
[Round "9.10"]
[White "Notkevich, Benjamin Arvola"]
[Black "Isha Sharma"]
[Result "1-0"]
[ECO "A20"]
[WhiteElo "2495"]
[BlackElo "1989"]
[Annotator "ChessBase"]
[PlyCount "105"]
[EventDate "2019.04.14"]
[EventType "tourn"]
[EventCountry "NOR"]
[SourceTitle "playchess.com"]
[Source "ChessBase"]
[SourceQuality "1"]
[TimeControl "40/7200:3600"]

1. c4 e5 2. g3 Nf6 3. Bg2 c6 4. d4 e4 5. Nc3 d5 6. cxd5 cxd5 7. Bg5 Be7 8. e3 Nc6 9. Nge2 O-O 10. O-O Be6 11. Nf4 a6 12. f3 exf3 13. Qxf3 Bg4 14. Qf2 Ne4 15. Bxe7 Qxe7 16. Nfxd5 Nxf2 17. Nxe7+ Nxe7 18. Kxf2 Rad8 19. Rac1 Rfe8 20. Rfe1 Rd6 21. Ne4 Rb6 22. b3 Nd5 23. Nc5 Nxe3 24. Be4 Nd1+ 25. Kg1 Rd6 26. h3 Bf3 27. Rcxd1 Bxd1 28. Rxd1 b6 29. Nb7 Rd7 30. Bc6 Ree7 31. Bxd7 Rxd7 32. Rc1 Kf8 33. Rc8+ Ke7 34. Rb8 Rxd4 35. Kf2 Rd2+ 36. Ke3 Rxa2 37. Nd8 Rc2 38. Kd3 Rc7 39. Nxf7 Rd7+ 40. Kc3 Kxf7 41. Rxb6 a5 42. Rb5 Ra7 43. Rc5 a4 44. b4 Re7 45. b5 Re3+ 46. Kb4 a3 47. b6 a2 48. Rc1 Re2 49. Ra1 Rb2+ 50. Kc5 Ke6 51. Kc6 Ke5 52. b7 Kd4 53. Rxa2 1-0

[Event "Fagernes GM-A 2019"]
[Site "Fagernes"]
[Date "2019.04.21"]
[Round "9.10"]
[White "Notkevich, Benjamin Arvola"]
[Black "Sharma, Isha"]
[Result "*"]
[ECO "A20"]
[WhiteElo "2495"]
[BlackElo "1989"]
[Annotator "ChessBase"]
[PlyCount "38"]
[EventDate "2019.04.14"]
[EventType "tourn"]
[EventCountry "NOR"]
[SourceTitle "playchess.com"]
[Source "ChessBase"]
[SourceQuality "1"]
[TimeControl "40/7200:3600"]

1. c4 e5 2. g3 Nf6 3. Bg2 c6 4. d4 e4 5. Nc3 d5 6. cxd5 cxd5 7. Bg5 Be7 8. e3 Nc6 9. Nge2 O-O 10. O-O Be6 11. Nf4 a6 12. f3 exf3 13. Qxf3 Bg4 14. Qf2 Ne4 15. Bxe7 Qxe7 16. Nfxd5 Nxf2 17. Nxe7+ Nxe7 18. Kxf2 Rad8 19. Rac1 Rfe8 *

[Event "Fagernes GM-A 2019"]
[Site "Fagernes"]
[Date "2019.04.21"]
[Round "9.11"]
[White "Hobber, Anders"]
[Black "Dolzhikova, Olga"]
[Result "1-0"]
[ECO "D79"]
[WhiteElo "2295"]
[BlackElo "2231"]
[Annotator "NA"]
[PlyCount "77"]
[EventDate "2019.04.14"]
[EventType "tourn"]
[EventCountry "NOR"]
[SourceTitle "playchess.com"]
[Source "ChessBase"]
[SourceQuality "1"]
[TimeControl "40/7200:3600"]

1. d4 g6 2. Nf3 Bg7 3. g3 c5 4. c3 cxd4 5. cxd4 d5 6. Bg2 Nc6 7. O-O Nf6 $11 8. Nc3 Ne4 9. Qb3 e6 10. Bf4 O-O 11. Rfd1 g5 12. Be3 Na5 13. Qc2 Nxc3 14. Qxc3 f6 15. b3 Bd7 16. Rac1 Nc6 17. Ne1 Rc8 18. Qb2 Qe7 19. Nd3 b6 20. Bd2 Qd6 21. b4 f5 22. e3 b5 23. Nc5 Be8 24. Qb3 Bf7 25. a4 a6 26. Nxa6 Nxd4 27. exd4 Qxa6 28. a5 Bxd4 29. Bxg5 Qa7 30. Be3 Bxe3 31. Qxe3 Qe7 32. Rxc8 Rxc8 33. Bxd5 Rd8 34. a6 Qc7 35. Rc1 Qd6 36. Bb7 Qd7 37. Qg5+ Bg6 38. Qxd8+ Qxd8 39. Rc8 1-0

[Event "Fagernes GM-A 2019"]
[Site "Fagernes"]
[Date "2019.04.21"]
[Round "9.12"]
[White "Efroimski, Marsel"]
[Black "Vitenberg, Noam Aviv"]
[Result "0-1"]
[ECO "C01"]
[WhiteElo "2287"]
[BlackElo "2203"]
[Annotator "NA"]
[PlyCount "120"]
[EventDate "2019.04.14"]
[EventType "tourn"]
[EventCountry "NOR"]
[SourceTitle "playchess.com"]
[Source "ChessBase"]
[SourceQuality "1"]
[TimeControl "40/7200:3600"]

1. e4 e6 2. d4 d5 3. Bd3 dxe4 4. Bxe4 Nf6 5. Bf3 c5 6. Ne2 Nc6 7. Be3 cxd4 8. Nxd4 Ne5 9. Be2 Nd5 10. Bc1 $11 Be7 11. O-O Bd7 12. Nf5 O-O 13. Nxe7+ Qxe7 14. c4 Nb4 15. a3 Na6 16. b4 Rfd8 17. Qb3 Nc6 18. Bb2 e5 19. Qe3 Nc7 20. b5 Na5 21. Bxe5 Rac8 22. Qg3 Ne8 23. Nc3 Nxc4 24. Bxc4 Rxc4 25. Nd5 Qe6 26. Rad1 Rc5 27. Bc7 Rc8 28. Nf4 Qf5 29. b6 Bc6 30. Rfe1 Rc4 31. Re5 Qd7 32. Rde1 f6 33. R5e3 Nxc7 34. bxc7 Qxc7 35. Qg4 Rxf4 36. Qg3 Kf7 37. Qh3 Rd8 38. Qh5+ Kf8 39. g3 Rfd4 40. Qxh7 R4d5 41. h4 Qf7 42. Re7 Qxe7 43. Qh8+ Kf7 44. Rxe7+ Kxe7 45. Qxg7+ Ke6 46. Kh2 Rf5 47. f4 Bf3 48. Kh3 a6 49. Qc7 Rd7 50. Qc3 Bc6 51. Qb3+ Rfd5 52. h5 Kd6 53. Kh4 Kc7 54. Qc3 f5 55. h6 Rd1 56. Qe5+ R7d6 57. Kg5 Rh1 58. Qg7+ Rd7 59. Kxf5 Rxg7 60. hxg7 Bd5 0-1

[Event "Fagernes GM-A 2019"]
[Site "Fagernes"]
[Date "2019.04.21"]
[Round "9.13"]
[White "Nielsen, Andre"]
[Black "Dahl, Trygve"]
[Result "1/2-1/2"]
[ECO "B85"]
[WhiteElo "2201"]
[BlackElo "2275"]
[Annotator "NA"]
[PlyCount "32"]
[EventDate "2019.04.14"]
[EventType "tourn"]
[EventCountry "NOR"]
[SourceTitle "playchess.com"]
[Source "ChessBase"]
[SourceQuality "1"]
[TimeControl "40/7200:3600"]

1. e4 c5 2. Nf3 Nc6 3. d4 cxd4 4. Nxd4 Qc7 5. Nc3 e6 6. Be2 a6 7. O-O Nf6 8. Be3 Be7 9. f4 d6 10. Qe1 O-O 11. Qg3 $11 d5 12. e5 Nxd4 13. Bxd4 Bc5 14. Bxc5 Qxc5+ 15. Qf2 Nd7 16. Bd3 Qxf2+ 1/2-1/2

[Event "Fagernes GM-A 2019"]
[Site "Fagernes"]
[Date "2019.04.21"]
[Round "9.14"]
[White "Abdrlauf, Elham"]
[Black "Bentsen, Hakon"]
[Result "1/2-1/2"]
[ECO "D35"]
[WhiteElo "2123"]
[BlackElo "2155"]
[Annotator "NA"]
[PlyCount "87"]
[EventDate "2019.04.14"]
[EventType "tourn"]
[EventCountry "NOR"]
[SourceTitle "playchess.com"]
[Source "ChessBase"]
[SourceQuality "1"]
[TimeControl "40/7200:3600"]

1. d4 Nf6 2. c4 e6 3. Nc3 d5 4. cxd5 exd5 $11 5. Bg5 Nbd7 6. e3 Be7 7. Bd3 c6 8. Nge2 O-O 9. O-O Re8 10. Qd2 Ne4 11. Nxe4 dxe4 12. Bxe7 Qxe7 13. Bc2 Nf6 14. Nc3 Bf5 15. Rfd1 Rad8 16. b4 a6 17. Rab1 h5 18. a4 Qd6 19. Rdc1 Ng4 20. g3 Nf6 21. Bd1 Bg4 22. Bxg4 hxg4 23. Qe2 Qe6 24. Rb2 Nh7 25. Nb1 Ng5 26. Nd2 g6 27. b5 axb5 28. axb5 Kg7 29. bxc6 bxc6 30. Rbc2 Rd6 31. Rc5 f6 32. Qc4 Qxc4 33. R5xc4 Ree6 34. Kg2 Nf3 35. Nf1 f5 36. R4c2 Kf6 37. Nd2 c5 38. Nc4 Rd5 39. dxc5 Rxc5 40. h3 gxh3+ 41. Kxh3 Rec6 42. Na3 Rxc2 43. Rxc2 Rxc2 44. Nxc2 1/2-1/2

[Event "Fagernes GM-A 2019"]
[Site "Fagernes"]
[Date "2019.04.21"]
[Round "9.15"]
[White "Gronnestad, Anita"]
[Black "Holleland, Sigve"]
[Result "0-1"]
[ECO "D34"]
[WhiteElo "1954"]
[BlackElo "2024"]
[Annotator "NA"]
[PlyCount "130"]
[EventDate "2019.04.14"]
[EventType "tourn"]
[EventCountry "NOR"]
[SourceTitle "playchess.com"]
[Source "ChessBase"]
[SourceQuality "1"]
[TimeControl "40/7200:3600"]

1. c4 e6 2. d4 Nf6 3. g3 c5 4. Nf3 d5 5. Bg2 Nc6 6. cxd5 exd5 7. O-O Bg4 8. dxc5 Bxc5 9. Bg5 O-O 10. Nc3 d4 11. Bxf6 Qxf6 12. Nd5 Qd6 13. Nd2 d3 14. Qa4 dxe2 15. Rfc1 Bf5 16. Qc4 Rae8 17. Nb3 Bb4 18. Ne3 Bd3 19. Qd5 Qxd5 20. Bxd5 e1=Q+ 21. Rxe1 Bxe1 22. Rxe1 Nb4 23. Bxb7 Nc2 24. Nxc2 Bxc2 25. Ra1 Bxb3 26. axb3 Re7 27. Bd5 Rd8 28. Bc4 Rd2 29. Ra5 Rxb2 30. Rd5 g6 31. Rd4 Kg7 32. Rd5 h6 33. h4 Rc2 34. Kg2 Re6 35. Rd1 Rf6 36. Rf1 Rd6 37. Kf3 Rdd2 38. Ke3 Rd7 39. Ra1 Re7+ 40. Kf3 Rc3+ 41. Kg2 Rd7 42. Ra2 g5 43. hxg5 hxg5 44. Ra5 Kg6 45. g4 Rd4 46. Be2 Rxb3 47. Rxa7 Rb2 48. Re7 Kf6 49. Re3 Rd6 50. Kg3 Re6 51. Rf3+ Kg7 52. Bd3 Rb3 53. Kg2 Rf6 54. Rxf6 Kxf6 55. Bf5 Ke5 56. Bd7 Kf4 57. Bf5 f6 58. Be6 Rb8 59. Bf5 Rh8 60. Be6 Rh4 61. f3 Rh8 62. Bd5 Rb8 63. Ba2 Rb2+ 64. Kh3 Rf2 65. Bd5 Rxf3+ 0-1

[Event "Fagernes GM-A 2019"]
[Site "Fagernes"]
[Date "2019.04.21"]
[Round "9.16"]
[White "Bjerke, Richard"]
[Black "Kizatbay, Abyl"]
[Result "1/2-1/2"]
[ECO "A58"]
[WhiteElo "2156"]
[BlackElo "2108"]
[Annotator "NA"]
[PlyCount "91"]
[EventDate "2019.04.14"]
[EventType "tourn"]
[EventCountry "NOR"]
[SourceTitle "playchess.com"]
[Source "ChessBase"]
[SourceQuality "1"]
[TimeControl "40/7200:3600"]

1. d4 Nf6 2. c4 c5 3. d5 b5 4. cxb5 a6 5. bxa6 g6 6. Nc3 Bg7 7. g3 d6 8. Bg2 Bxa6 9. Nf3 O-O 10. O-O Nbd7 11. h3 Qb6 12. Re1 Rfb8 13. Rb1 Ne8 14. Bd2 Nc7 15. Qc2 Nb5 16. Nxb5 Bxb5 17. b3 Qa6 18. Bg5 h6 19. Bxe7 Re8 20. a4 Rxe7 21. axb5 Qxb5 22. e4 Ne5 23. Nxe5 Bxe5 24. Red1 Rea7 25. Bf1 Qb4 26. Qd2 Bc3 27. Qd3 Ra2 28. Rdc1 Bd4 29. Rc2 R8a3 30. Be2 Rxc2 31. Qxc2 Qa5 32. Qc4 Ra1 33. Qd3 Rxb1+ 34. Qxb1 Qc3 35. Kg2 Qd2 36. Qd3 Qxd3 37. Bxd3 h5 38. f4 Kg7 39. Kf3 Kf6 40. g4 hxg4+ 41. Kxg4 Be3 42. h4 Bd2 43. Bc4 Bc3 44. h5 gxh5+ 45. Kxh5 Bd4 46. Kg4 1/2-1/2

[Event "Fagernes GM-A 2019"]
[Site "Fagernes"]
[Date "2019.04.21"]
[Round "9.17"]
[White "Andersen, Morten"]
[Black "Ingebretsen, Jens E"]
[Result "1-0"]
[ECO "E04"]
[WhiteElo "2223"]
[BlackElo "2300"]
[Annotator "NA"]
[PlyCount "115"]
[EventDate "2019.04.14"]
[EventType "tourn"]
[EventCountry "NOR"]
[SourceTitle "playchess.com"]
[Source "ChessBase"]
[SourceQuality "1"]
[TimeControl "40/7200:3600"]

1. d4 d5 2. c4 e6 3. Nf3 Nf6 4. g3 dxc4 5. Bg2 Nc6 6. Qa4 Nd7 7. Qxc4 Nb6 8. Qb5 a6 9. Qd3 e5 10. Nxe5 Nb4 11. Qc3 Qxd4 12. Qxd4 Nc2+ 13. Kd1 Nxd4 14. Be3 Nb5 15. a4 Nd6 16. Bxb6 cxb6 17. Nc3 Be6 $11 18. Nd5 O-O-O 19. Rc1+ Kb8 20. Ke1 Nf5 21. Nc3 Nd4 22. e3 Nb3 23. Rd1 Bb4 24. Nd3 Ba5 25. Bf3 Nc5 26. Nxc5 bxc5 27. Rd2 Bb3 28. Bd1 Be6 29. Bc2 Ka7 30. Kd1 Kb6 31. Kc1 Rxd2 32. Kxd2 Rd8+ 33. Kc1 Bxc3 34. bxc3 Ka5 35. e4 b6 36. Re1 Bc8 37. e5 g6 38. Bb3 Be6 39. Bxe6 fxe6 40. Kc2 Kxa4 41. c4 b5 42. Ra1+ Kb4 43. Rxa6 Kxc4 44. Rxe6 b4 45. Rb6 Rd4 46. f4 Re4 47. Rb7 Re2+ 48. Kd1 Rxh2 49. e6 Ra2 50. g4 Kd5 51. f5 Ke5 52. Rf7 Ra8 53. e7 Kd6 54. f6 Re8 55. Rf8 Kd7 56. g5 c4 57. Kc2 b3+ 58. Kc3 1-0

[Event "Fagernes GM-A 2019"]
[Site "Fagernes"]
[Date "2019.04.21"]
[Round "9.18"]
[White "Lillevold, Frode"]
[Black "Machlik, Monika"]
[Result "0-1"]
[ECO "E46"]
[WhiteElo "2076"]
[BlackElo "2059"]
[Annotator "NA"]
[PlyCount "75"]
[EventDate "2019.04.14"]
[EventType "tourn"]
[EventCountry "NOR"]
[SourceTitle "playchess.com"]
[Source "ChessBase"]
[SourceQuality "1"]
[TimeControl "40/7200:3600"]

1. d4 Nf6 2. c4 e6 3. Nc3 Bb4 4. e3 O-O 5. Nge2 d5 6. a3 Be7 7. Nf4 c6 8. Bd3 Nbd7 9. cxd5 exd5 10. f3 Nb6 11. O-O Re8 12. Bd2 c5 13. Rc1 cxd4 14. exd4 Bd7 15. Nfe2 Bc6 16. Bf4 a6 17. Rc2 Nbd7 18. Ng3 g6 19. Re1 Qb6 20. Bf1 Bf8 21. Rce2 Rxe2 22. Rxe2 Re8 23. Qd2 Bg7 24. Rxe8+ Nxe8 25. Nge2 Nf8 26. Kh1 Ne6 27. Be5 Bxe5 28. dxe5 Qf2 29. Qd1 d4 30. Ne4 Bxe4 31. fxe4 h5 32. b3 N8c7 33. Ng1 Nc5 34. Qf3 Qc2 35. Bc4 N7e6 36. Bxe6 Nxe6 37. b4 d3 38. Qf6 0-1

[Event "Fagernes GM-A 2019"]
[Site "Fagernes"]
[Date "2019.04.21"]
[Round "9.19"]
[White "Skotheim, Andreas"]
[Black "Lindbol, Aleksander"]
[Result "0-1"]
[ECO "A90"]
[WhiteElo "2182"]
[BlackElo "2139"]
[Annotator "NA"]
[PlyCount "78"]
[EventDate "2019.04.14"]
[EventType "tourn"]
[EventCountry "NOR"]
[SourceTitle "playchess.com"]
[Source "ChessBase"]
[SourceQuality "1"]
[TimeControl "40/7200:3600"]

1. d4 f5 2. g3 Nf6 3. Bg2 e6 4. c4 d5 $14 5. Nf3 c6 6. O-O Bd6 7. Nc3 O-O 8. Qc2 Ne4 9. Rb1 a5 10. a3 Nd7 11. b4 axb4 12. axb4 Ndf6 13. c5 Bc7 14. b5 Nxc3 15. Qxc3 Ne4 16. Qc2 cxb5 17. Rxb5 b6 18. cxb6 Bxb6 19. Bf4 Ba6 20. Rb2 Ba5 21. Ne5 Bc3 22. Rb3 Bxd4 23. Bxe4 Bxe5 24. Bxe5 fxe4 25. Qb2 Qg5 26. Ra1 Qf5 27. e3 Qf3 28. Bxg7 Be2 29. Bxf8 Rxf8 30. Rf1 Bxf1 31. Kxf1 Qh1+ 32. Ke2 Qxh2 33. Rb8 Qxf2+ 34. Kd1 Qf1+ 35. Kd2 Qd3+ 36. Kc1 Qxe3+ 37. Kb1 Qg1+ 38. Kc2 Qf2+ 39. Kb1 Qxb2+ 0-1